Map: Oceanborn LE

Players

Lambo - Winner!

  • Race: Zerg Zerg
  • League: Master
  • Spawn Location: 11:00

BattleB

  • Race: Terran Terran
  • League: Master
  • Spawn Location: 5:00

VOD

Have the link to the VOD?

Description

Time

  • Played on: July 25, 2024, 8:35 a.m.
  • Length: 19:36
Show
View Real Time Build Order
Export as new Build Order

Lambo Zerg - Winner!

Build Orders: Hatch First 

Get SALT Encoding   

  12  0:00  Drone  
  13  0:12  Overlord  
  13  0:23  Drone  
  14  0:31  Drone x2  
  16  0:47  Hatchery  
  15  0:51  Drone  
  15  0:54  Drone  
  17  0:57  Drone  
  18  1:08  Extractor  
  17  1:12  Spawning Pool  
  17  1:15  Drone  
  17  1:18  Drone  
  18  1:28  Drone  
  19  1:38  Drone  
  20  1:49  Drone  
  21  1:59  Queen x2  
  21  2:00  Zergling x4  
  27  2:11  Drone  
  27  2:14  Overlord  
  28  2:19  Hatchery  
  27  2:24  Drone  
  27  2:33  Drone x3  
  30  2:39  Queen  
  32  2:44  Overlord  
  32  2:47  Metabolic Boost  
  32  2:49  Drone  
  33  2:53  Drone  
  33  2:54  Drone  
  35  3:02  Queen  
  37  3:08  Drone x3  
  40  3:13  Drone x2  
  40  3:15  Drone  
  43  3:20  Overlord  
  43  3:26  Overlord  
  43  3:31  Queen  
  43  3:32  Queen  
  47  3:35  Drone x2  
  47  3:40  Queen  
  51  3:42  Drone  
  51  3:44  Zergling x2  
  51  3:46  Overlord  
  54  3:48  Zergling x2  
  54  3:50  Drone  
  54  3:53  Drone x2  
  57  3:56  Drone x2  
  57  3:59  Overlord  
  59  4:06  Drone x2  
  61  4:10  Drone x5  
  61  4:16  Queen  
  68  4:18  Overlord  
  68  4:22  Lair, Drone  
  69  4:25  Drone, Extractor  
  69  4:27  Drone  
  69  4:28  Drone  
  71  4:37  Hatchery  
  70  4:40  Drone x4  
  70  4:44  Drone x3  
  77  4:46  Overlord  
  77  4:50  Spore Crawler  
  77  4:51  Spore Crawler  
  77  4:52  Spore Crawler  
  74  4:57  Zergling x6  
  74  4:58  Evolution Chamber  
  75  5:06  Drone x5  
  77  5:14  Drone x3  
  76  5:20  Drone x2  
  78  5:24  Drone  
  78  5:30  Extractor  
  78  5:31  Overseer, Extractor  
  78  5:34  Baneling Nest  
  75  5:36  Drone x3  
  75  5:40  Drone  
  75  5:42  Drone  
  80  5:43  Extractor  
  80  5:47  Evolution Chamber, Drone  
  80  5:49  Evolution Chamber  
  77  5:50  Drone  
  77  5:55  Drone x5  
  83  5:57  Overlord  
  83  5:58  Drone x3  
  83  6:01  Drone x4  
  90  6:05  Drone x2  
  90  6:09  Drone  
  93  6:13  Drone  
  93  6:15  Zerg Melee Weapons Level 1, Zerg Ground Armor Level 1  
  96  6:18  Drone x2  
  96  6:24  Drone x5  
  101  6:28  Drone, Centrifugal Hooks  
  101  6:29  Drone, Overlord  
  101  6:30  Zergling x2  
  101  6:32  Overlord, Hydralisk Den  
  103  6:33  Overlord  
  103  6:35  Overlord  
  103  6:36  Baneling x5  
  103  6:37  Overlord  
  103  6:38  Overlord, Zergling x2  
  103  6:39  Overlord  
  104  6:40  Overlord  
  104  6:42  Overlord  
  104  6:43  Overlord  
  104  6:45  Overlord  
  104  6:48  Overlord  
  104  6:50  Baneling  
  104  6:54  Extractor  
  104  6:55  Zergling x6  
  104  6:56  Zergling x2  
  104  6:58  Baneling, Zergling x6  
  104  7:00  Zergling x2  
  104  7:01  Zergling x2  
  112  7:03  Grooved Spines  
  112  7:04  Hatchery, Zergling x2  
  112  7:05  Zergling x6  
  112  7:06  Zergling x2  
  112  7:07  Zergling x2  
  117  7:11  Zergling x8  
  121  7:16  Hydralisk x3  
  121  7:20  Baneling x2  
  121  7:21  Baneling x5  
  127  7:25  Hydralisk x4  
  133  7:30  Hydralisk x4  
  133  7:35  Hydralisk  
  143  7:39  Zergling x12  
  149  7:45  Baneling x3  
  149  7:47  Baneling x4  
  149  7:48  Zergling x6  
  152  7:54  Zergling x14  
  159  7:59  Muscular Augments  
  159  8:01  Hydralisk x2  
  159  8:02  Zergling x4  
  159  8:03  Baneling x2  
  165  8:08  Overlord  
  165  8:11  Zergling x10  
  166  8:13  Extractor  
  166  8:15  Infestation Pit  
  163  8:22  Zergling x20  
  162  8:27  Zergling x4  
  149  8:34  Zergling x10  
  149  8:36  Zergling x2  
  149  8:39  Overlord  
  149  8:42  Overlord  
  149  8:45  Overlord  
  149  8:46  Zergling x8  
  151  8:53  Zergling x14  
  139  8:56  Queen x2  
  139  8:57  Zerg Ground Armor Level 2, Zerg Melee Weapons Level 2, Hive  
  139  8:59  Zergling x8  
  139  9:03  Zergling x8  
  143  9:14  Drone x5  
  148  9:18  Hydralisk x6  
  148  9:22  Zergling x2  
  161  9:24  Zergling x2  
  161  9:25  Zergling x4  
  161  9:28  Zergling x2  
  161  9:30  Baneling x8  
  165  9:32  Drone  
  165  9:36  Zergling x2  
  165  9:37  Zergling x6  
  170  9:39  Baneling x3  
  170  9:42  Overseer  
  170  9:45  Zergling x10  
  175  9:46  Baneling x4  
  175  9:47  Baneling  
  175  9:51  Drone x8  
  175  9:52  Queen  
  185  9:57  Overlord  
  185  9:58  Baneling x4  
  184  10:00  Baneling x5  
  184  10:01  Overlord  
  184  10:02  Zergling x6  
  187  10:13  Zergling x22  
  197  10:16  Baneling x7  
  192  10:21  Hatchery  
  192  10:24  Zergling x14  
  192  10:28  Zergling x10  
  178  10:33  Viper x2  
  172  10:37  Zergling x4  
  172  10:40  Baneling  
  172  10:42  Adrenal Glands  
  174  10:48  Zergling x22  
  177  10:53  Drone x3  
  177  10:59  Zergling x10  
  181  11:06  Zergling x4  
  181  11:07  Queen x3  
  188  11:14  Zergling x2  
  188  11:15  Zergling x18  
  188  11:17  Zerg Missile Weapons Level 1  
  188  11:18  Zerg Ground Armor Level 3  
  198  11:19  Overseer  
  198  11:26  Baneling x5  
  198  11:28  Zergling x2  
  199  11:36  Baneling x2  
  199  11:40  Extractor  
  198  11:47  Hatchery  
  198  11:51  Zergling x12  
  196  11:56  Zergling x14  
  196  11:57  Zergling x2  
  186  12:01  Zergling x16  
  186  12:07  Zergling x12  
  190  12:17  Drone x6  
  190  12:19  Spore Crawler  
  190  12:21  Baneling x19, Spore Crawler  
  194  12:23  Hydralisk x3  
  200  12:35  Burrow  
  200  12:36  Baneling x10  
  200  12:42  Baneling x9  
  200  12:45  Baneling x2  
  200  12:53  Overlord  
  200  12:57  Zergling x6  
  179  13:07  Zergling x62  
  195  13:14  Zergling x2  
  196  13:23  Zergling x12  
  199  13:32  Baneling  
  199  13:33  Baneling x46  
  199  13:36  Drone  
  199  13:39  Pneumatized Carapace  
  200  13:42  Spore Crawler  
  200  13:43  Hatchery  
  198  13:51  Baneling x5  
  198  13:55  Drone x2  
  200  13:56  Extractor  
  200  13:57  Drone  
  200  13:58  Spine Crawler  
  200  14:01  Drone  
  200  14:02  Spine Crawler x2, Zerg Melee Weapons Level 3, Spore Crawler  
  199  14:04  Extractor  
  178  14:18  Viper x2  
  178  14:20  Zergling x68  
  182  14:25  Zergling x2  
  182  14:26  Zergling x8  
  179  14:31  Zergling x22  
  189  14:46  Zerg Missile Weapons Level 2  
  189  14:49  Spire, Zergling x22  
  189  14:50  Nydus Network  
  189  14:51  Baneling x6  
  199  14:52  Drone  
  199  14:54  Hatchery, Overseer  
  199  14:55  Overseer  
  199  14:57  Overseer  
  199  14:59  Baneling  
  198  15:00  Baneling  
  198  15:15  Baneling x3  
  198  15:16  Baneling x11  
  198  15:20  Zergling x6  
  190  15:30  Zergling x18  
  189  15:43  Zergling x30  
  172  15:50  Viper  
  172  15:53  Overseer  
  172  15:54  Hydralisk x2  
  172  15:55  Hydralisk  
  172  15:56  Zergling x42  
  200  16:08  Zerg Flyer Weapons Level 1  
  200  16:09  Baneling x8  
  200  16:10  Baneling x26  
  199  16:21  Zergling x12  
  198  16:30  Zergling x2  
  198  16:31  Zergling x2  
  199  16:42  Overlord  
  188  16:54  Zergling x24  
  188  16:55  Zergling x12  
  174  17:02  Hydralisk x2  
  174  17:03  Zergling x36  
  185  17:11  Zergling x10  
  187  17:29  Zergling x18  
  192  17:30  Zergling x8  
  192  17:37  Overlord x3  
  192  17:47  Baneling x6  
  192  17:53  Spore Crawler  
  192  17:54  Baneling x3, Spore Crawler  
  192  17:55  Drone x3, Spore Crawler x2  
  192  17:57  Drone  
  192  18:02  Zergling x26  
  193  18:12  Zergling x18  
  199  18:18  Spore Crawler  
  166  18:29  Zergling x50  
  173  18:38  Zergling x12  
  173  18:41  Zergling x8  
  165  18:49  Hydralisk  
  165  18:50  Hydralisk x4  
  165  18:51  Baneling x10  
  165  18:52  Baneling x12  
  174  18:57  Hydralisk x7  
  174  19:01  Baneling x10  
  185  19:10  Zergling x22  
  185  19:15  Nydus Canal  
  192  19:18  Drone x6  
  186  19:31  Nydus Canal  
Show
View Real Time Build Order
Export as new Build Order

BattleB Terran 

Build Orders: Hellion Banshee 

Get SALT Encoding   

  12  0:00  SCV  
  13  0:12  SCV  
  14  0:16  Supply Depot  
  14  0:24  SCV  
  15  0:38  Barracks, SCV  
  16  0:42  Refinery  
  16  0:50  SCV  
  17  1:02  SCV  
  18  1:14  SCV  
  20  1:25  Reaper  
  20  1:26  Orbital Command  
  20  1:38  Command Center  
  20  1:46  Supply Depot  
  20  1:51  SCV  
  21  1:57  Marine  
  22  2:03  SCV  
  23  2:10  Factory  
  23  2:15  SCV  
  23  2:19  Barracks Reactor  
  24  2:28  SCV  
  25  2:40  SCV  
  25  2:42  Command Center  
  26  2:50  Orbital Command  
  26  2:53  SCV  
  26  2:57  Starport  
  27  3:02  Refinery  
  27  3:05  SCV  
  28  3:11  Hellion  
  30  3:15  Hellion  
  30  3:17  SCV  
  30  3:18  SCV  
  30  3:19  Barracks Tech Lab  
  34  3:29  SCV  
  34  3:30  SCV  
  34  3:32  Hellion  
  38  3:36  Hellion  
  40  3:41  SCV  
  40  3:42  SCV  
  40  3:43  Banshee  
  40  3:44  Marine  
  46  3:54  SCV x2  
  46  3:55  Cloaking Field, Orbital Command  
  48  4:00  Hellion  
  50  4:04  Hellion  
  50  4:05  Barracks Tech Lab  
  50  4:07  SCV x2  
  54  4:11  Supply Depot  
  54  4:19  SCV x2  
  54  4:22  SCV  
  57  4:26  Banshee  
  60  4:33  Supply Depot, Hellion x2  
  60  4:34  SCV x2  
  60  4:35  Orbital Command  
  60  4:38  Stimpack, Marine  
  67  4:46  SCV x2  
  67  4:50  Engineering Bay x2, Refinery  
  67  4:52  Refinery  
  69  4:56  Supply Depot  
  69  4:58  SCV x2  
  71  5:01  Marine  
  72  5:09  SCV  
  72  5:10  SCV  
  72  5:14  Factory Reactor, Barracks  
  72  5:16  SCV  
  72  5:17  Barracks  
  72  5:20  Marine  
  72  5:21  SCV  
  71  5:25  Terran Infantry Weapons Level 1, Terran Infantry Armor Level 1  
  71  5:26  Supply Depot  
  64  5:29  Starport Reactor, SCV x2  
  64  5:33  SCV  
  67  5:37  Barracks x2  
  67  5:38  Marine  
  67  5:41  SCV  
  67  5:42  SCV  
  70  5:45  SCV  
  70  5:48  Supply Depot  
  70  5:49  Supply Depot  
  71  5:54  SCV x2  
  71  5:56  Marine  
  71  5:58  SCV  
  71  6:02  Marine x2  
  71  6:03  Siege Tank  
  77  6:06  SCV  
  77  6:07  Medivac x2  
  77  6:09  SCV  
  77  6:10  SCV  
  84  6:11  Supply Depot  
  84  6:12  Supply Depot  
  84  6:14  Marine x3  
  84  6:18  SCV  
  88  6:20  Combat Shield, Marine  
  88  6:21  SCV  
  88  6:22  Marine, SCV  
  88  6:24  Armory  
  92  6:26  Marine x2  
  92  6:31  Marine  
  92  6:32  Marine x2  
  97  6:33  SCV x2  
  97  6:35  Supply Depot  
  97  6:39  Marine, Siege Tank  
  103  6:40  Medivac x2  
  103  6:45  SCV x2  
  103  6:46  Barracks Reactor, Marine  
  110  6:48  Barracks Reactor, Refinery  
  110  6:49  Refinery  
  110  6:55  Marine x2  
  110  6:56  Supply Depot  
  110  6:57  SCV  
  110  6:58  Supply Depot  
  113  7:02  Marine x2  
  113  7:04  Marine  
  113  7:08  SCV x2  
  118  7:12  Marine  
  118  7:13  Marine, Siege Tank  
  123  7:19  Marine  
  123  7:20  Marine  
  123  7:21  Medivac x2  
  123  7:22  Marine  
  130  7:23  Supply Depot  
  130  7:25  Marine x2  
  130  7:27  Marine x2  
  132  7:30  Marine  
  132  7:31  Marine  
  132  7:37  Command Center, Marine x2  
  131  7:39  Marine  
  131  7:42  Marine  
  131  7:43  Marine  
  136  7:44  Marine  
  136  7:45  Marine  
  136  7:47  Supply Depot  
  136  7:48  Marine, Factory  
  136  7:49  Marine  
  136  7:51  Siege Tank  
  143  7:55  Marine x2  
  143  7:57  Marine  
  146  7:59  Barracks  
  146  8:00  Marine x2, Barracks x2  
  146  8:02  Marine x2  
  146  8:03  Supply Depot  
  150  8:06  Marine  
  150  8:07  Marine  
  150  8:10  Orbital Command  
  152  8:13  Supply Depot, Marine x2  
  152  8:14  Terran Infantry Weapons Level 2, Terran Infantry Armor Level 2  
  152  8:15  Terran Vehicle Weapons Level 1, Marine  
  152  8:18  Marine x2  
  157  8:21  Marine x2  
  157  8:24  Marine  
  157  8:25  Marine  
  153  8:31  Marine  
  153  8:32  Marine  
  153  8:33  Marine  
  144  8:35  SCV  
  144  8:36  Marine, SCV x2  
  144  8:40  Marine x2  
  145  8:47  Marine x2  
  145  8:48  SCV x2  
  135  8:54  Marine x2  
  135  8:55  SCV  
  121  8:57  Marine  
  121  8:59  Barracks Tech Lab x2  
  121  9:00  Marine x2, Barracks Tech Lab, SCV  
  120  9:05  Marine  
  120  9:06  Marine  
  120  9:08  Medivac  
  120  9:09  Siege Tank, Medivac  
  129  9:13  Factory  
  129  9:14  Marine x2  
  129  9:15  Marine x2  
  129  9:16  Supply Depot x2  
  133  9:18  Supply Depot, Marine  
  133  9:19  Supply Depot  
  133  9:21  Command Center  
  133  9:23  Marine x2  
  136  9:25  Marauder, Marine x2  
  136  9:26  Marine  
  136  9:27  Marine  
  142  9:32  Marine x2  
  142  9:33  SCV x2  
  142  9:37  Marine  
  149  9:38  Marauder  
  149  9:42  Marine x2  
  149  9:45  Marauder  
  152  9:46  Marauder  
  152  9:47  Marine  
  152  9:48  Marauder  
  152  9:49  Planetary Fortress  
  152  9:52  Marine  
  157  9:54  Siege Tank  
  157  9:58  Medivac x2  
  157  9:59  Marauder  
  167  10:02  Supply Depot  
  167  10:05  Supply Depot, Marine x2  
  169  10:09  Marauder, Marine  
  172  10:20  Marine  
  172  10:21  Sensor Tower  
  172  10:23  Marine x2  
  172  10:24  Marauder  
  172  10:26  Siege Tank  
  164  10:29  Marine x2  
  164  10:30  Marauder  
  164  10:31  Marine x2  
  164  10:32  Marauder  
  163  10:39  Marauder, Factory Tech Lab, Marine x2  
  163  10:40  Medivac  
  163  10:41  Medivac  
  171  10:44  Marine x2  
  171  10:46  Marine  
  171  10:47  Marine x2  
  174  10:51  Command Center, Marauder  
  174  10:55  Refinery  
  174  10:56  Ghost Academy, Refinery  
  175  10:58  Supply Depot, Siege Tank  
  176  11:04  Siege Tank  
  179  11:11  Terran Infantry Weapons Level 3, Terran Infantry Armor Level 3, Terran Vehicle Weapons Level 2  
  179  11:13  Marine x2  
  179  11:14  Marauder x2  
  185  11:20  Marine x2  
  185  11:21  Marauder  
  189  11:27  Marine  
  189  11:28  Missile Turret  
  189  11:31  Liberator x2  
  196  11:42  SCV x3  
  199  11:48  Personal Cloaking  
  199  11:53  Missile Turret, Sensor Tower  
  166  12:02  Siege Tank  
  166  12:03  Ghost x3, Siege Tank  
  169  12:09  Planetary Fortress  
  169  12:10  SCV x3  
  169  12:13  Orbital Command  
  169  12:15  SCV  
  173  12:21  Missile Turret  
  173  12:22  Missile Turret, SCV  
  174  12:23  Ghost  
  174  12:25  Sensor Tower  
  174  12:27  SCV x3  
  179  12:36  Sensor Tower  
  179  12:37  SCV  
  179  12:38  Refinery  
  179  12:39  Refinery, SCV  
  179  12:43  Liberator x2  
  187  12:45  Missile Turret, Siege Tank x2  
  187  12:50  SCV  
  187  12:51  SCV x2  
  185  13:06  Ghost x3  
  185  13:09  Command Center  
  178  13:14  Ghost  
  180  13:25  Siege Tank x2  
  186  13:31  Terran Vehicle Weapons Level 3  
  186  13:33  Sensor Tower  
  186  13:34  Ghost  
  186  13:35  Missile Turret  
  188  13:43  SCV x2  
  188  13:44  SCV x2  
  188  13:47  Missile Turret  
  192  13:52  Missile Turret  
  192  13:54  Liberator x2  
  198  14:01  Missile Turret  
  198  14:02  Missile Turret  
  198  14:05  Missile Turret  
  198  14:06  Orbital Command  
  198  14:10  Command Center  
  192  14:20  SCV  
  149  14:24  Ghost x3  
  149  14:25  Marine  
  149  14:29  SCV x2  
  158  14:32  SCV  
  158  14:35  Planetary Fortress  
  159  14:38  SCV  
  159  14:40  Siege Tank  
  159  14:41  SCV x2  
  159  14:44  SCV  
  159  14:45  Siege Tank  
  168  14:50  SCV  
  169  14:53  SCV  
  169  14:56  Liberator  
  169  14:57  Liberator  
  176  15:02  SCV x3  
  179  15:12  Marauder x3, Marine x3  
  179  15:13  Marine x3  
  193  15:14  Marine  
  193  15:15  Marine  
  195  15:22  Sensor Tower  
  195  15:30  Marine x3  
  195  15:35  Siege Tank  
  199  15:37  Orbital Command  
  195  15:47  Siege Tank  
  195  15:49  Liberator x2  
  177  15:52  Marauder, Marine  
  177  15:54  Marine  
  177  15:55  Marauder x2, Marine  
  189  16:00  Marine  
  189  16:01  Marauder, Marine  
  189  16:02  Marine  
  194  16:08  Starport  
  194  16:10  Fusion Core  
  194  16:14  Marauder  
  194  16:17  Ghost x2  
  200  16:24  Missile Turret  
  198  16:43  Sensor Tower  
  198  16:45  Sensor Tower  
  198  16:46  Missile Turret  
  198  16:52  Command Center x2  
  198  16:55  Starport Reactor  
  166  17:13  Liberator, Siege Tank x2  
  175  17:15  Liberator  
  178  17:29  Marine  
  172  17:30  Marauder  
  172  17:40  Planetary Fortress  
  172  17:41  Marine x2  
  174  17:50  Liberator  
  177  18:00  Siege Tank  
  177  18:02  Siege Tank  
  163  18:17  Orbital Command  
  161  18:24  Liberator x2  
  161  18:25  Marauder, Marine  
  161  18:26  Marauder, Marine  
  165  18:30  Marine  
  165  18:32  Marauder, Marine, Siege Tank  
  152  18:35  Marine  
  150  18:46  Marine x2  
  150  18:47  Orbital Command  
  152  18:49  Marine x5  
  152  18:51  Marine  
  155  19:00  Marine x3  
Tags
 
Composition
Hellion Banshee
Matchup
TvZ
Player
Lambo
Spawn Locations
Cross Positions
Add a new tag
Caveats
  • Supply blocks, unpowered buildings, or Contaminate may cause inaccurate times.
  • Supply counts are checked every 10 seconds.